 Dungeon Crawl Stone Soup version 0.28.0-62-gf88900778d (webtiles) character file.

Game seed: 3283287959627643029

86 cbfl8 the Chopper (level 4, -4/40 HPs)
             Began as a Minotaur Berserker on May 20, 2023.
             Was a Believer of Trog.
             Slain by an orc
             ... wielding a +0 mace
              (8 damage)
             ... on level 3 of the Dungeon.
             The game lasted 00:02:33 (2789 turns).

cbfl8 the Chopper (Minotaur Berserker)              Turns: 2789, Time: 00:02:33

Health: -4/40      AC:  2    Str: 21    XL:     4   Next: 27%
Magic:  3/3        EV: 12    Int:  4    God:    Trog [**....]
Gold:   110        SH:  0    Dex: 12    Spells: 3/3 levels left

rFire   . . .      SeeInvis .   a - +0 hand axe
rCold   . . .      Faith    .   (no shield)
rNeg    . . .      Spirit   .   b - +0 animal skin
rPois   .          Reflect  .   (helmet restricted)
rElec   .          Harm     .   (no cloak)
rCorr   .          Rampage  .   (no gloves)
Will    .....                   (no boots)
Stlth   +.........              (no amulet)
HPRegen 0.13/turn               (no ring)
MPRegen 0.08/turn               (no ring)

@: no status effects
A: horns 2, retaliatory headbutt
a: Renounce Religion, Berserk, Trog's Hand


You were on level 3 of the Dungeon.
You worshipped Trog.
Trog was pleased with you.
You visited 1 branch of the dungeon, and saw 3 of its levels.

You collected 110 gold pieces.

Inventory:

Hand Weapons
 a - a +0 hand axe (weapon)
Armour
 b - a +0 animal skin (worn)
Scrolls
 c - 2 scrolls of fear {unknown}
 d - a scroll of torment {unknown}
 e - a scroll of blinking {unknown}
 i - 2 scrolls of identify {unknown}
 j - a scroll of noise {unknown}
 k - 3 scrolls of teleportation {unknown}
 m - a scroll of magic mapping {unknown}
Potions
 f - a potion of brilliance {unknown}
 g - 2 potions of magic {unknown}
 h - a potion of mutation {unknown}
 l - a potion of heal wounds {unknown}


   Skills:
 + Level 4.2 Fighting
 + Level 4.8 Axes
 + Level 2.7 Armour
 + Level 2.3 Dodging
 + Level 0.1 Stealth
 * Level 1.7 Evocations


You had 3 spell levels left.
You didn't know any spells.
Your spell library was empty.

Dungeon Overview and Level Annotations

Branches:
Dungeon (3/15)

Altars:


Innate Abilities, Weirdness & Mutations

You have a pair of horns on your head.
You reflexively headbutt those who attack you in melee.


Message History

You closely miss the killer bee zombie.
The killer bee zombie barely misses you.
The killer bee zombie hits you.
A killer bee zombie is nearby!
You slash the killer bee zombie!
The killer bee zombie is moderately damaged.
The killer bee zombie barely misses you.
You furiously retaliate!
You headbutt the killer bee zombie!
A killer bee zombie is nearby!
You hit the killer bee zombie.
The killer bee zombie is severely damaged.
The killer bee zombie hits you. x2
You are too injured to fight recklessly!
You are too injured to fight recklessly!
You hit the killer bee zombie.
The killer bee zombie is almost destroyed.
The killer bee zombie hits you.
The killer bee zombie closely misses you.
You barely miss the killer bee zombie. You headbutt the killer bee zombie.
You destroy the killer bee zombie!
Trog accepts your kill.
You can now call upon Trog for regeneration and willpower.
You have reached level 4!
You feel agile.
You start resting.
An orc comes into view. It is wielding a +0 mace.
An orc is nearby!
An orc is nearby!
You are too injured to fight recklessly!
You are too injured to fight recklessly!
You are too injured to fight recklessly!
The orc shouts!
Found 9 gold pieces.
A rat comes into view.
The orc hits you with a +0 mace.
* * * LOW HITPOINT WARNING * * *
The orc hits you with a +0 mace.
* * * LOW HITPOINT WARNING * * *
You closely miss the orc. The orc hits you with a +0 mace!
You die...

#####+##....###..........##>##
............# ######.....####
.........###########.....#
........## #...........#
######### #...........#
#...........# #.......#####
#.......# #.o@?...#
.....r......# ............#
.$....####### ...... ......
...... .....


You could see an orc and a rat.

Vanquished Creatures
  A killer bee zombie (D:3)
  2 adders (D:2)
  A dart slug (D:3)
  2 bats
  8 endoplasms
  2 giant cockroaches (D:1)
  2 goblins
  7 hobgoblins
  5 jackals
  A ball python (D:2)
  4 frilled lizards
  5 kobolds
40 creatures vanquished.

Notes
Turn   | Place    | Note
-------+----------+-------------------------------------------
     0 | D:1      | cbfl8 the Minotaur Berserker began the quest for the Orb.
     0 | D:1      | Reached XP level 1. HP: 19/19 MP: 0/0
   712 | D:1      | Reached XP level 2. HP: 27/27 MP: 1/1
  1707 | D:2      | Reached XP level 3. HP: 28/33 MP: 2/2
  1747 | D:2      | Reached skill level 1 in Evocations
  2119 | D:2      | Found a faded altar of an unknown god.
  2777 | D:3      | Reached ** piety under Trog
  2778 | D:3      | Reached XP level 4. HP: 12/40 MP: 3/3
  2789 | D:3      | Slain by an orc

Illustrated notes

Levels and vault maps discovered:
D:1:      wander_arrival_abandoned_jail, layout_loops_corners, st_stairs_12
D:2:      layout_basic, shapermc_ecumenical_altar_flowoftime
D:3:      minmay_door_path, layout_basic, serial_shops, shop, grunt_ministairs_4

Skill      XL: |  1  2  3 |
---------------+----------+-----
Axes           | 4 |  4.8
Fighting       | 4 |  4.2
Evocations     | 1 |  1.7
Armour         | |  2.7
Dodging        | |  2.3
Stealth        | |  0.1

Action                   |  1- 3 |  4- 6 || total
-------------------------+-------+-------++-------
Melee: Hand axe          |    84 |     1 ||    85
       Headbutt          |    10 |       ||    10
Invok: Berserk           |     1 |       ||     1
Armor: Animal skin       |     8 |       ||     8
Dodge: Dodged            |    51 |       ||    51
